 Dungeon Crawl Stone Soup version 0.19.0-19-g8c6edcc (webtiles) character file.

231 mopl the Scratcher (level 5, 0/24 HPs)
             Began as a Felid Abyssal Knight on Nov 12, 2016.
             Was a Believer of Lugonu.
             Slain by an ogre
             ... wielding a cursed +0 giant club
              (23 damage)
             ... on level 4 of the Dungeon.
             The game lasted 00:05:50 (5621 turns).

mopl the Scratcher (Felid Abyssal Knight)           Turns: 5621, Time: 00:05:51

Health: 0/24       AC:  2    Str:  8    XL:     5   Next: 73%
Magic:  8/8        EV: 19    Int: 13    God:    Lugonu [**....]
Gold:   122        SH:  0    Dex: 18    Spells: 0 memorised, 4 levels left
                                        Lives:  0   Deaths: 1

rFire  . . .     SeeInvis +       - Unarmed
rCold  . . .     Gourm    .     (armour unavailable)
rNeg   . . .     Faith    .     (shield unavailable)
rPois  .         Spirit   .     (helmet unavailable)
rElec  .         Reflect  .     (cloak unavailable)
rCorr  .         Harm     .     (gloves unavailable)
MR     .....                    (boots unavailable)
Stlth  +++.......               (no amulet)
                                (no ring)
                                (no ring)

@: quick
A: no armour, no weapons or thrown items, stealth, claws 1, fangs 3, see
invisible, carnivore 3, speed 1, shaggy fur 2, slow metabolism 1, sharp paws
a: Depart the Abyss, Bend Space, Renounce Religion


You were on level 4 of the Dungeon.
You worshipped Lugonu.
Lugonu was pleased with you.
You were completely stuffed.

You visited 1 branch of the dungeon, and saw 4 of its levels.
You visited the Abyss 1 time.

You collected 122 gold pieces.

Inventory:

Wands
 j - a wand of paralysis (14/24)
Scrolls
 b - 2 scrolls of teleportation {unknown}
 c - a scroll of blinking {unknown}
 d - 2 scrolls of random uselessness {unknown}
 e - 3 scrolls of identify
 i - 3 scrolls of enchant weapon {unknown}
 k - 2 scrolls of remove curse {unknown}
 l - a scroll of recharging {unknown}
Potions
 g - a potion of flight
 h - a potion of curing
Comestibles
 a - 3 meat rations
 f - a slice of pizza
 m - a chunk of flesh


   Skills:
 - Level 3.0 Fighting
 - Level 3.2 Dodging
 + Level 4.4 Stealth
 * Level 5.2 Unarmed Combat
 + Level 3.3 Invocations


You had 4 spell levels left.
You didn't know any spells.

Dungeon Overview and Level Annotations

Branches:
Dungeon (4/15)
 Temple: D:4-7

Altars:
Cheibriados
Sif Muna

Annotations:
D:4 lorenzova's ghost, amateur SpMo


Innate Abilities, Weirdness & Mutations

You cannot wear armour.
You are incapable of wielding weapons or throwing items.
Your paws allow you to move quietly. (Stealth)
You have sharp claws.
You have razor-sharp teeth.
You have supernaturally acute eyesight. (SInv)
You are carnivorous and can eat meat at any time.
You cover ground quickly.
You are covered in thick fur. (AC +2)
You have a slow metabolism.
Your sharp claws are effective at attacking unaware monsters.


Message History

No target in view!
No target in view!
No target in view!
There is an open door here.
There is an open door here.
A frilled lizard and an ogre come into view.
Found a stone staircase leading down.
There is an open door here.
There is a stone staircase leading down here.
The ogre misses you.
You scratch the ogre but do no damage.
The frilled lizard hisses angrily.
You scratch the ogre.
The ogre is lightly wounded.
The ogre closely misses you. The frilled lizard bites you.
You scratch the ogre.
The ogre is lightly wounded.
The ogre hits you with a giant club!!
Ouch! That really hurt!
You die...

##...## ##.....##
##.......##
###.........###
..'.........'..
#.........#
#..Ol...# #..@..#
##.>.## ##'##
####.#### #.......#
#.##.##.#
#.#...#.######.#
#..............#
####.#...#.########


You could see an ogre and a frilled lizard.

Vanquished Creatures
  A scorpion (D:4)
  2 hounds (D:4)
  An orc wizard (D:4)
  A bullfrog skeleton (D:4)
  Jessica (D:2)
  Robin (D:2)
  6 adders
  An ooze (D:2)
  2 worms (D:2)
  2 dart slugs
  2 leopard geckos
  6 orcs (D:3)
  8 bats
  4 giant cockroaches
  15 goblins
  10 hobgoblins
  5 jackals (D:2)
  7 kobolds
  2 quokkas (D:3)
  3 frilled lizards
  5 rats
85 creatures vanquished.

Vanquished Creatures (others)
  A lurking horror (Abyss:1)
1 creature vanquished.

Grand Total: 86 creatures vanquished

Notes
Turn   | Place    | Note
-------+----------+-------------------------------------------
     0 | Abyss:1  | mopl the Felid Abyssal Knight began the quest for the Orb.
     0 | Abyss:1  | Reached XP level 1. HP: 10/10 MP: 3/3
   115 | Abyss:1  | Found a corrupted altar of Lugonu.
   122 | Abyss:1  | Noticed a chaos spawn
   131 | Abyss:1  | Noticed a small abomination
   142 | Abyss:1  | Noticed a deep elf demonologist
   143 | Abyss:1  | Noticed an Executioner
   145 | D:1      | Escaped the Abyss
   723 | D:1      | Reached * piety under Lugonu
   745 | D:1      | Reached XP level 2. HP: 14/14 MP: 4/4
   857 | D:1      | Reached skill level 2 in Invocations
  1286 | D:2      | Reached skill level 1 in Stealth
  1568 | D:2      | Reached skill level 3 in Unarmed Combat
  1571 | D:2      | Reached XP level 3. HP: 9/17 MP: 5/5
  1722 | D:2      | Noticed Jessica
  1727 | D:2      | Noticed Robin
  1741 | D:2      | Killed Jessica
  1741 | D:2      | Reached skill level 2 in Stealth
  2144 | D:2      | Reached XP level 4. HP: 18/21 MP: 6/6
  2548 | D:2      | Killed Robin
  2953 | D:3      | Reached skill level 3 in Stealth
  3219 | D:3      | Reached skill level 4 in Unarmed Combat
  3260 | D:3      | Reached ** piety under Lugonu
  3382 | D:3      | Found a snail-covered altar of Cheibriados.
  3455 | D:3      | Found a deep blue altar of Sif Muna.
  3547 | D:3      | Reached XP level 5. HP: 13/24 MP: 8/8
  4984 | D:4      | Reached skill level 3 in Invocations
  5200 | D:4      | Reached skill level 4 in Stealth
  5203 | D:4      | Gained mutation: You are covered in thick fur. (AC +2) [Felid growth]
  5203 | D:4      | Reached XP level 6. HP: 24/28 MP: 9/9
  5235 | D:4      | Noticed lorenzova's ghost (amateur SpMo)
  5260 | D:4      | Slain by lorenzova's ghost
  5261 | D:4      | Reached XP level 5. HP: 0/24 MP: 8/8
  5440 | D:4      | Reached skill level 5 in Unarmed Combat
  5614 | D:4      | Noticed an ogre
  5621 | D:4      | Slain by an ogre

Skill      XL: |  1  2  3  4  5 |
---------------+----------------+-----
Invocations    | 2 3 |  3.3
Stealth        | 1 2 3 4 |  4.4
Unarmed Combat | 3 4 5 |  5.2
Fighting       | |  3.0
Dodging        | |  3.2

Action                   |  1- 3 |  4- 6 || total
-------------------------+-------+-------++-------
Melee: Unarmed           |    99 |   202 ||   301
       Bite              |     8 |    18 ||    26
       Punch             |     1 |     2 ||     3
Invok: Depart the Abyss  |     1 |       ||     1
  Use: Scroll            |       |     2 ||     2
 Stab: Sleeping          |     2 |     9 ||    11
       Distracted        |       |     1 ||     1
  Eat: Chunk             |     9 |    13 ||    22
Armor: Skin              |     6 |    11 ||    17
Dodge: Dodged            |    82 |   177 ||   259
